AoeStats
← Axolot

Hill Fort

504878887Analyzed
4v4 RM · 25d ago on Sep 6, 2026· 101m 50s· 8 players
Game mode
Random Map
Map size
Large (8 player)
Population
200
Speed
Normal
Resources
Standard
Victory
Conquest
Starting age
Dark Age
Ending age
Imperial Age
RankedLock teamsTeams togetherTeam positionsShared explorationLock speedFull tech treeHidden civsTurbo modeCheats
Victory
Defeat
🇦🇷 Spanish · Argentina
1442
+13
🇦🇷 Dravidians · Argentina
1425
+14
🇦🇷 Japanese · Argentina
1377
+16
🇨🇱 Berbers · Chile
1367
+16
🇺🇸 Saracens · United States
1444
-19
🇨🇴 Goths · Colombia
1366
-14
🇮🇹 Malay · Italy
1365
-14
🇺🇸 Japanese · United States
1309
-12
Algren11
10:00 Feudal Age
13:26 Double-Bit Axe
13:24 Horse Collar
14:58 Loom
20:12 Castle Age
19:13 Forging
20:03 Bloodlines
22:21 Gold Mining
22:35 Husbandry
22:37 Heavy Plow
23:14 Iron Casting
23:22 Scale Barding Armor
34:02 Wheelbarrow
36:34 Imperial Age
34:54 Town Watch
36:25 Gold Shaft Mining
36:13 Chain Barding Armor
36:08 Bow Saw
38:50 Conscription
39:58 Blast Furnace
38:37 Elite Mameluke
41:11 Plate Barding Armor
45:09 Hand Cart
45:43 Fletching
46:15 Heavy Camel Rider
54:44 Light Cavalry
55:29 Bodkin Arrow
55:33 Hussar
58:07 Caravan
Murdock
5:13 Loom
10:24 Feudal Age
17:50 Castle Age
16:16 Double-Bit Axe
16:15 Horse Collar
16:49 Stone Mining
17:23 Gold Mining
17:43 Fletching
21:23 Gold Shaft Mining
21:08 Padded Archer Armor
21:38 Bodkin Arrow
22:43 Bow Saw
23:31 Ballistics
24:01 Bloodlines
23:52 Husbandry
28:02 Wheelbarrow
35:14 Leather Archer Armor
36:09 Thumb Ring
39:23 Hand Cart
38:54 Town Watch
43:30 Imperial Age
44:38 Parthian Tactics
43:33 Heavy Cavalry Archer
44:29 Bracer
45:36 Ring Archer Armor
45:52 Scale Mail Armor
46:02 Forging
46:17 Conscription
47:01 Hoardings
46:55 Squires
46:41 Arson
46:17 Pikeman
48:22 Chain Mail Armor
49:28 Iron Casting
48:48 Halberdier
55:14 Two-Man Saw
58:06 Murder Holes
60:50 Elite Skirmisher
64:16 Plate Mail Armor
64:46 Blast Furnace
64:10 Caravan
64:41 Coinage
73:17 Yasama
73:32 Scale Barding Armor
73:47 Guard Tower
74:57 Chemistry
75:36 Masonry
81:58 Heavy Plow
82:35 Elite Samurai
92:52 Banking
[MLTS] RKotzen
10:58 Feudal Age
13:01 Loom
16:01 Castle Age
16:17 Scale Barding Armor
16:31 Horse Collar
21:27 Chain Barding Armor
22:03 Husbandry
28:17 Heavy Plow
29:21 Wheelbarrow
30:36 Double-Bit Axe
32:57 Fletching
36:25 Imperial Age
37:16 Bloodlines
37:07 Scale Mail Armor
37:20 Forging
36:49 Cavalier
37:44 Bow Saw
37:26 Gold Mining
38:07 Crop Rotation
39:12 Iron Casting
38:52 Pikeman
39:33 Squires
39:34 Scale Mail Armor
41:05 Blast Furnace
40:43 Perfusion
41:03 Conscription
41:31 Chain Mail Armor
41:23 Anarchy
40:55 Elite Huskarl
42:47 Hand Cart
48:10 Two-Man Saw
50:10 Town Watch
51:25 Caravan
52:16 Light Cavalry
54:23 Hussar
57:13 Capped Ram
63:32 Chemistry
64:01 Halberdier
66:29 Bodkin Arrow
87:53 Man-at-Arms
91:13 Long Swordsman
91:29 Two-Handed Swordsman
91:51 Champion
GdR_Charizard
11:55 Feudal Age
13:27 Loom
16:32 Castle Age
14:58 Double-Bit Axe
15:48 Horse Collar
20:58 Wheelbarrow
24:49 Hand Cart
24:48 Bow Saw
25:38 Gold Mining
26:12 Thalassocracy
28:48 Gold Shaft Mining
31:35 Imperial Age
29:17 Fishing Lines
29:49 Heavy Plow
29:50 Town Watch
30:40 Fletching
31:01 Forging
30:49 Gillnets
31:48 Conscription
31:46 Capped Ram
32:34 Bodkin Arrow
32:47 Pikeman
34:14 Bracer
34:49 Iron Casting
35:06 Squires
34:27 Halberdier
35:38 Crop Rotation
36:20 Ballistics
37:01 Chemistry
38:41 Town Patrol
39:46 Blast Furnace
43:52 Siege Engineers
43:29 Treadmill Crane
45:20 Bombard Tower
45:11 Masonry
45:12 Arson
45:26 Heavy Scorpion
48:27 Guilds
49:53 Caravan
51:38 Murder Holes
56:33 Stone Mining
56:07 Man-at-Arms
56:47 Long Swordsman
57:15 Two-Handed Swordsman
58:53 Forced Levy
67:38 Padded Archer Armor
67:54 Elite Skirmisher
68:44 Thumb Ring
70:28 Leather Archer Armor
72:03 Ring Archer Armor
74:11 Elite Karambit Warrior
84:32 Crossbowman
85:10 Arbalester
85:56 Thumb Ring
90:28 Demolition Ship
Dino_Mate
10:58 Feudal Age
12:34 Loom
15:24 Castle Age
14:09 Double-Bit Axe
14:44 Horse Collar
23:52 Wheelbarrow
24:27 Town Watch
26:10 Padded Archer Armor
27:33 Gold Mining
27:39 Stone Mining
28:21 Husbandry
28:32 Bloodlines
32:05 Imperial Age
32:03 Bloodlines
35:01 Conscription
37:05 Leather Archer Armor
37:03 Elite Conquistador
39:42 Ring Archer Armor
42:59 Caravan
48:31 Coinage
47:48 Light Cavalry
48:39 Scale Barding Armor
48:44 Forging
49:54 Heavy Plow
50:24 Chain Barding Armor
50:51 Hussar
53:49 Plate Barding Armor
54:35 Scale Mail Armor
55:11 Iron Casting
54:07 Pikeman
54:47 Squires
55:02 Halberdier
56:47 Chain Mail Armor
57:32 Blast Furnace
55:58 Man-at-Arms
56:23 Gambesons
56:26 Capped Ram
58:56 Blast Furnace
58:27 Plate Mail Armor
60:27 Fletching
64:18 Chemistry
62:46 Siege Ram
65:18 Bombard Tower
65:10 Masonry
69:31 Architecture
68:56 Murder Holes
69:22 Ballistics
69:01 Murder Holes
69:08 Elite Cannon Galleon
75:40 Sanctity
75:31 Fervor
82:43 Cavalier
84:00 Onager
92:59 Paladin
100:08 Supremacy
100:24 Architecture
101:06 Hand Cart
Axolot
8:55 Feudal Age
9:32 Double-Bit Axe
12:28 Fishing Lines
20:44 Castle Age
18:30 Loom
19:52 Stone Mining
19:55 Gold Mining
21:29 Squires
22:02 Gillnets
22:11 Arson
21:48 Pikeman
23:05 Bow Saw
27:07 Fletching
31:13 Imperial Age
29:36 Bodkin Arrow
30:45 Padded Archer Armor
30:53 Medical Corps
32:11 Bracer
33:37 Two-Man Saw
33:50 Siege Elephant
36:17 Horse Collar
36:16 Elite Elephant Archer
37:48 Thumb Ring
37:40 Town Watch
38:31 Wheelbarrow
39:16 Chemistry
40:45 Leather Archer Armor
40:33 Caravan
43:37 Hand Cart
46:16 Conscription
50:58 Ring Archer Armor
52:18 Heavy Scorpion
65:41 Onager
67:50 Siege Onager
80:54 Elite Urumi Swordsman
81:55 Wootz Steel
81:39 Scale Mail Armor
81:50 Forging
82:59 Man-at-Arms
83:24 Gambesons
84:09 Chain Mail Armor
84:30 Iron Casting
84:45 Long Swordsman
86:29 Plate Mail Armor
85:35 Two-Handed Swordsman
87:57 Blast Furnace
86:29 Champion
88:24 Elite Cannon Galleon
97:21 Ballistics
JotaPex
8:13 Loom
10:50 Feudal Age
19:40 Castle Age
18:10 Double-Bit Axe
19:36 Forging
19:50 Pikeman
22:45 Bow Saw
23:27 Husbandry
23:37 Bloodlines
23:54 Horse Collar
25:21 Scale Barding Armor
25:53 Iron Casting
28:15 Heavy Plow
30:02 Fletching
32:11 Chain Barding Armor
31:51 Bodkin Arrow
35:24 Padded Archer Armor
39:25 Kasbah
40:09 Leather Archer Armor
43:06 Caravan
44:32 Light Cavalry
45:34 Thumb Ring
49:17 Imperial Age
47:24 Wheelbarrow
49:00 Ballistics
49:25 Elite Genitour
50:52 Bracer
51:23 Ring Archer Armor
50:16 Hussar
51:58 Conscription
53:33 Hoardings
52:37 Elite Skirmisher
54:46 Man-at-Arms
55:27 Squires
56:11 Long Swordsman
56:12 Long Swordsman
57:10 Two-Handed Swordsman
60:48 Scale Mail Armor
61:37 Plate Barding Armor
62:09 Blast Furnace
65:07 Chemistry
64:36 Capped Ram
66:07 Chain Mail Armor
66:55 Hand Cart
69:21 Murder Holes
69:37 Masonry
77:06 Crop Rotation
77:48 Plate Mail Armor
76:55 Champion
86:47 Arson
86:58 Arson
90:26 Siege Engineers
95:21 Fortified Wall
98:24 Maghrebi Camels
97:47 Heavy Camel Rider
100:03 Treadmill Crane
[VA] PabloB
10:31 Feudal Age
12:55 Loom
15:26 Castle Age
15:08 Fletching
15:06 Double-Bit Axe
17:20 Bow Saw
20:30 Bodkin Arrow
28:08 Padded Archer Armor
28:45 Bloodlines
29:49 Wheelbarrow
30:19 Leather Archer Armor
30:53 Ballistics
32:02 Husbandry
32:31 Scale Mail Armor
32:53 Forging
36:40 Chain Mail Armor
36:28 Horse Collar
37:41 Iron Casting
37:24 Masonry
36:39 Crossbowman
37:25 Thumb Ring
39:35 Heavy Plow
40:18 Treadmill Crane
41:06 Yasama
41:16 Caravan
42:01 Squires
41:46 Arson
42:32 Guard Tower
45:54 Imperial Age
43:44 Hand Cart
44:49 Gold Mining
47:13 Gold Shaft Mining
47:42 Conscription
47:18 Elite Samurai
47:30 Elite Skirmisher
48:16 Bracer
48:47 Plate Mail Armor
51:29 Blast Furnace
51:03 Ring Archer Armor
52:33 Stone Mining
55:40 Hoardings
56:25 Chemistry
55:32 Siege Engineers
58:16 Keep
58:47 Arbalester
59:56 Pikeman
60:25 Halberdier
60:51 Capped Ram
70:01 Man-at-Arms
70:27 Gambesons
71:29 Long Swordsman
72:03 Two-Handed Swordsman
72:55 Champion
77:26 Town Watch
Connection lost

Rejoining the realm…

Still unreachable

The connection could not be restored.

Session expired

The server has moved on; the page needs a fresh start.